 Dungeon Crawl Stone Soup version 0.28-a0-1518-gbe868bca14 (webtiles) character file.

Game seed: 16440734588517280229

2380 chunkyMonkey the Shield-Bearer (level 9, -9/68 HPs)
             Began as a Formicid Transmuter on Jan 16, 2022.
             Was a Follower of Cheibriados.
             Mangled by an orc warrior (12 damage)
             ... in a bailey on Jan 17, 2022.
             The game lasted 00:17:15 (8187 turns).

chunkyMonkey the Shield-Bearer (FoTm)               Turns: 8187, Time: 00:17:15

Health: -9/68      AC: 11    Str: 21    XL:     9   Next: 73%
Magic:  16/16      EV: 11    Int: 15    God:    Cheibriados [*.....]
Gold:   1407       SH:  5    Dex: 13    Spells: 12/18 levels left

rFire   . . .      SeeInvis +   l - +1 halberd (venom)
rCold   . . .      Faith    .   n - +0 buckler
rNeg    . . .      Spirit   .   b - +0 ring mail
rPois   .          Reflect  .   (helmet unavailable)
rElec   .          Harm     .   (no cloak)
rCorr   .          Rampage  .   (no gloves)
Will    .....                   z - +0 pair of boots
Stlth   +.........              i - amulet of regeneration
HPRegen 1.01/turn               r - +4 ring of slaying
MPRegen 0.15/turn               o - +4 ring of protection

@: flying, very slow
A: permanent stasis, dig shafts and tunnels, antennae 3, four strong arms
a: Dig, Renounce Religion, Bend Time


You were in a bailey.
You worshipped Cheibriados.
Cheibriados was aware of your devotion.
You visited 1 branch of the dungeon, and saw 7 of its levels.
You also visited: Bailey.

You collected 1407 gold pieces.

Inventory:

Hand Weapons
 f - a +0 hand axe
 l - a +1 halberd of venom (weapon)
 E - a +4 flail of protection
 G - a +1 dagger of venom
Armour
 a - a +0 robe
 b - a +0 ring mail (worn)
 g - a +0 cloak
 n - a +0 buckler (worn)
 z - a +0 pair of boots (worn)
Jewellery
 i - an amulet of regeneration (around neck)
 m - a ring of positive energy
 o - a +4 ring of protection (right hand)
 r - a +4 ring of slaying (left hand)
 w - a ring of protection from fire
 B - a +6 ring of intelligence
Wands
 y - a wand of mindburst (20)
Scrolls
 c - 3 scrolls of fear
 j - 3 scrolls of blinking
 k - 2 scrolls of fog
 u - a scroll of immolation {unknown}
 A - a scroll of enchant weapon
 C - 2 scrolls of amnesia {unknown}
Potions
 d - a potion of heal wounds {unknown}
 e - 2 potions of mutation {unknown}
 h - 2 potions of flight
 p - 2 potions of haste {unknown}
 v - a potion of attraction {unknown}
 x - 2 potions of curing {unknown}
 D - a potion of degeneration {unknown}
 F - a potion of might


   Skills:
 * Level 5.2 Fighting
 * Level 3.0 Axes
 * Level 4.7 Armour
 + Level 3.3 Dodging
 + Level 1.5 Stealth
 * Level 5.3 Shields
 - Level 5.0 Unarmed Combat
 * Level 5.2 Spellcasting
 + Level 4.3 Transmutations
 * Level 4.4 Poison Magic
 + Level 0.6 Invocations


You had 12 spell levels left.
You knew the following spells:

 Your Spells              Type           Power      Damage    Failure   Level
a - Beastly Appendage     Tmut           32%        N/A       5%          1
b - Wereblood             Tmut           16%        N/A       8%          2
c - Spider Form           Tmut/Pois      17%        N/A       16%         3

Your spell library contained the following spells:

 Spells                   Type           Power      Damage    Failure   Level
 Apportation              Tloc           6%         N/A       30%         1
 Ice Form                 Ice/Tmut       10%        N/A       77%         4
 Alistair's Intoxication  Tmut/Pois      11%        N/A       80%         5


Dungeon Overview and Level Annotations

Branches:
Dungeon (7/15)             Temple (0/1) D:7          Bailey (1/1)

Altars:
Ashenzari
Cheibriados
Sif Muna
Trog
The Shining One


Innate Abilities, Weirdness & Mutations

You cannot be hasted, slowed, berserked, paralysed or teleported.
You can dig through walls and to a lower floor.
You have a pair of large antennae on your head. (SInv)
Your four strong arms can wield two-handed weapons with a shield.


Message History

You puncture the orc warrior!
You kill the orc warrior!
Cheibriados appreciates the change of pace.
You hear a shout!
The orc warrior hits you but does no damage.
The orc warrior hits you from afar with a +0 trident.
* * * LOW HITPOINT WARNING * * *
Your Axes skill increases to level 3!
Reach: l) +1 halberd (venom)
Press: ? - help, Dir - move target, f - orc warrior
Aim: an orc warrior, wielding a +0 trident and wearing a +0 scale mail (about 49% to evade your +1 halberd of venom)
You reach to attack!
You puncture the orc warrior!
The orc warrior is poisoned.
The orc warrior is moderately wounded.
You block the orc warrior's attack.
The orc warrior hits you from afar with a +0 trident!
* * * LOW HITPOINT WARNING * * *
You see here a +0 hand axe.
Things that are here:
a +0 war axe; a coppery potion; 5 scrolls of enchant weapon
Aiming: Mindburst
Press: ? - help, Shift-Dir - straight line, f/p - orc warrior
Aim: an orc warrior, wielding a +0 trident and wearing a +0 scale mail (heavily wounded, very poisoned, chance to affect: 64%)
The orc warrior's mind is blasted!
The orc warrior hits you from afar with a +0 trident!
* * * LOW HITPOINT WARNING * * *
Aiming: Mindburst
Press: ? - help, Shift-Dir - straight line, f/p - orc warrior
Aim: an orc warrior, wielding a +0 trident and wearing a +0 scale mail (almost dead, very poisoned, chance to affect: 64%)
The orc warrior's mind is blasted!
You blow up the orc warrior!
Cheibriados appreciates the change of pace.
Okay, then.
The orc warrior hits you from afar with a +0 spear.
* * * LOW HITPOINT WARNING * * *
There is an open door here.
It was a potion of flight.
You feel very buoyant.
You fly up into the air.
The orc warrior hits you from afar with a +0 spear!
You die...

#.......#
#....)..#
#...))).#
##..)).##
###)###
#...#
#...#
#...#
#@).#
###'###
##..o..##
#..)....#
#.)#8#..#
#..#.#..#
#.).....#
#.).....#
##.)...##


You could see an orc warrior.

Vanquished Creatures
  Sigmund (D:6)
  2 sky beasts
  A black bear (D:5)
  7 orc warriors (Bailey)
  An ice beast (D:6)
  3 ogres
  A bullfrog (D:7)
  2 scorpions (D:6)
  A bullfrog zombie (D:6)
  3 hounds (D:6)
  A jelly (D:6)
  A bullfrog skeleton (D:5)
  3 orc priests
  A gnoll shaman (D:6)
  A scorpion zombie (D:5)
  3 iguanas
  3 orc wizards
  A hound skeleton (D:4)
  5 gnolls
  6 adders
  2 white imps (D:5)
  2 ufetubi
  4 worms
  4 dart slugs
  25 orcs
  9 endoplasms
  2 giant cockroaches (D:2)
  8 hobgoblins
  2 jackals (D:2)
  3 kobolds
  5 quokkas
  6 ball pythons
  5 bats
  4 frilled lizards
  8 goblins
  23 rats
159 creatures vanquished.

Vanquished Creatures (others)
  2 fungi (D:2)
  5 plants (D:2)
7 creatures vanquished.

Grand Total: 166 creatures vanquished

Notes
Turn   | Place    | Note
-------+----------+-------------------------------------------
     0 | D:1      | chunkyMonkey the Formicid Transmuter began the quest for
                  | the Orb.
     0 | D:1      | Reached XP level 1. HP: 15/15 MP: 3/3
   922 | D:1      | Reached XP level 2. HP: 18/21 MP: 3/5
  1654 | D:2      | Learned a level 2 spell: Wereblood
  1927 | D:2      | Found a faded altar of an unknown god.
  1938 | D:2      | Reached XP level 3. HP: 26/26 MP: 6/6
  2325 | D:2      | Reached XP level 4. HP: 33/33 MP: 4/7
  2410 | D:2      | Reached skill level 1 in Armour
  2513 | D:2      | Reached skill level 1 in Shields
  3580 | D:3      | Reached XP level 5. HP: 38/38 MP: 9/9
  4388 | D:4      | Found a glowing golden altar of the Shining One.
  4396 | D:4      | Reached skill level 1 in Axes
  4853 | D:4      | Found a bloodstained altar of Trog.
  5028 | D:4      | Reached XP level 6. HP: 46/46 MP: 8/10
  5062 | D:4      | Noticed an ogre
  5071 | D:4      | Killed an ogre
  5195 | D:4      | Found a shimmering blue altar of Sif Muna.
  5345 | D:5      | Entered Level 5 of the Dungeon
  5621 | D:5      | Reached XP level 7. HP: 50/52 MP: 10/12
  5721 | D:5      | Found a broken altar of Ashenzari.
  6176 | D:5      | Learned a level 3 spell: Spider Form
  6376 | D:6      | Reached skill level 1 in Poison Magic
  6393 | D:5      | Reached XP level 8. HP: 47/60 MP: 11/13
  7043 | D:6      | Reached skill level 5 in Unarmed Combat
  7153 | D:6      | Noticed Sigmund
  7164 | D:6      | Killed Sigmund
  7165 | D:6      | Reached XP level 9. HP: 62/66 MP: 7/15
  7449 | D:6      | Found a snail-covered altar of Cheibriados.
  7457 | D:6      | Became a worshipper of Cheibriados the Contemplative
  7818 | D:7      | Identified a scroll of acquirement
  7818 | D:7      | Acquired 948 gold pieces
  7838 | D:7      | Found a staircase to the Ecumenical Temple.
  7869 | D:7      | Found a flagged portal.
  7880 | Bailey   | Entered a bailey
  8056 | Bailey   | Reached skill level 5 in Fighting
  8056 | Bailey   | Reached skill level 1 in Stealth
  8056 | Bailey   | Reached skill level 5 in Shields
  8129 | Bailey   | Reached * piety under Cheibriados
  8130 | Bailey   | Reached skill level 5 in Spellcasting
  8183 | Bailey   | HP: 3/68 [orc warrior (10)]
  8185 | Bailey   | HP: 1/68 [orc warrior (5)]
  8187 | Bailey   | Mangled by an orc warrior

Illustrated notes

Levels and vault maps discovered:
D:1:      dpeg_arrival_castle, layout_rooms, minmay_unequal
D:2:      layout_loops_corners, shapermc_ecumenical_altar_mp_ritualfount,
          corner_web_ring, minmay_rat_hole
D:3:      layout_basic, chequers_serial_rivers_micro_a
D:4:      layout_loops_ring, lemuel_blue_sif_altar,
          chequers_temple_overflow_statue_of_worship
D:5:      layout_basic, cheibrodos_ashenzari_chains
D:6:      layout_gridville, kennysheep_slug_shrine, minmay_diced_spiral,
          uniq_sigmund
D:7:      layout_rooms, minmay_temple_entry_statues_fountains, enter_bailey_2
Bailey:   bailey_polearm_5, bailey

Skill      XL: |  1  2  3  4  5  6  7  8  9 |
---------------+----------------------------+-----
Dodging        | 2 3 |  3.3
Fighting       | 2 3 4 5 |  5.2
Armour         | 1 2 3 4 |  4.7
Shields        | 1 2 3 4 5 |  5.3
Axes           | 1 2 3 |  3.0
Spellcasting   | 3 4 5 |  5.2
Unarmed Combat | 4 5 |  5.0
Transmutations | 3 4 |  4.3
Poison Magic   | 1 3 4 |  4.4
Stealth        | 1 |  1.5
Invocations    | |  0.6

Action                   |  1- 3 |  4- 6 |  7- 9 || total
-------------------------+-------+-------+-------++-------
Melee: Unarmed           |    43 |       |    49 ||    92
       Kick              |    17 |    52 |    27 ||    96
       Dagger            |    70 |   209 |   106 ||   385
       Halberd           |       |       |    60 ||    60
 Cast: Beastly Appendage |    19 |    66 |    17 ||   102
       Wereblood         |       |     1 |     3 ||     4
       Spider Form       |       |       |    10 ||    10
Invok: Bend Time         |       |       |     1 ||     1
 Abil: Dig               |       |       |     3 ||     3
Evoke: Wand              |       |       |     2 ||     2
  Use: Scroll            |       |       |     6 ||     6
       Potion            |       |       |     1 ||     1
Armor: Robe              |    12 |       |       ||    12
       Ring mail         |    29 |    56 |    89 ||   174
       Skin              |       |       |     5 ||     5
Dodge: Dodged            |    64 |   100 |   148 ||   312
Block: Buckler           |     8 |    19 |    48 ||    75

Table legend: (Time is in decaauts)
 A = Elapsed time spent in this place.
 B = Non-inter-level travel time spent in this place.
 C = Inter-level travel time spent in this place.
 D = Time resting spent in this place.
 E = Time spent auto-exploring this place.
 F = Levels seen in this place.
 G = Mean time per level.
                   A        B        C        D        E       F      G
               +--------+--------+--------+--------+--------+-----+--------+
         Total |   8343 |   8101 |    242 |   2464 |   3987 |   8 | 1042.9 |
       Dungeon |   7988 |   7746 |    242 |   2317 |   3956 |   7 | 1141.1 |
        Bailey |    354 |    354 |      0 |    147 |     30 |   1 |  354.0 |
               +--------+--------+--------+--------+--------+-----+--------+

Top non-repeatable levels by time:
     D:1: 1558 daAuts
     D:4: 1422 daAuts
     D:2: 1280 daAuts
     D:6: 1261 daAuts
     D:5: 1228 daAuts
     D:3: 1093 daAuts
  Bailey: 354 daAuts
     D:7: 143 daAuts
